 Dungeon Crawl Stone Soup version 0.22-a0-422-g9628fc8 (webtiles) character file.

56 galech the Fighter (level 3, -1/38 HPs)
             Began as a Gnoll Wanderer on May 16, 2018.
             Slain by an ice beast (2 damage)
             ... on level 2 of the Dungeon.
             The game lasted 00:01:56 (1511 turns).

galech the Fighter (Gnoll Wanderer)                 Turns: 1511, Time: 00:01:57

Health: -1/38      AC:  2    Str: 13    XL:     3   Next: 95%
Magic:  6/6        EV: 13    Int: 15    God:
Gold:   114        SH:  0    Dex: 15    Spells: 4/4 levels left

rFire    . . .     SeeInvis .   r - +1 spear (venom)
rCold    . . .     Gourm    .   (no shield)
rNeg     . . .     Faith    +   d - +0 robe
rPois    .         Spirit   .   (no helmet)
rElec    .         Reflect  .   (no cloak)
rCorr    .         Harm     .   (no gloves)
MR       .....                  (no boots)
Stlth    ++........             n - amulet of faith
HPRegen  0.12/turn              (no ring)
MPRegen  0.10/turn              (no ring)

@: no status effects
A: distributed training, fangs 1, strong nose
a: no special abilities


You were on level 2 of the Dungeon.
You were not hungry.

You visited 1 branch of the dungeon, and saw 2 of its levels.

You collected 114 gold pieces.

Inventory:

Hand Weapons
 b - a +0 spear
 r - a +1 spear of venom (weapon)
Armour
 d - a +0 robe (worn)
Jewellery
 n - an amulet of faith (around neck)
Wands
 a - a wand of paralysis (15)
Scrolls
 c - a scroll of teleportation
 e - 2 scrolls of identify {unknown}
 g - a scroll of fog {unknown}
 h - a scroll of remove curse {unknown}
 m - a scroll of fear {unknown}
Potions
 i - a potion of heal wounds {unknown}
 j - 2 potions of curing {unknown}
 k - a potion of magic {unknown}
 l - a potion of berserk rage {unknown}
 p - a potion of flight {unknown}
 q - a potion of agility {unknown}
Comestibles
 f - 2 rations
 o - a chunk of flesh


   Skills:
 + Level 8.5 Fighting
 + Level 1.0 Short Blades
 + Level 2.6 Long Blades
 + Level 1.0 Axes
 + Level 1.0 Maces & Flails
 + Level 2.6 Polearms
 + Level 1.0 Staves
 + Level 1.0 Slings
 + Level 1.0 Bows
 + Level 1.0 Crossbows
 + Level 1.0 Throwing
 + Level 1.0 Armour
 + Level 2.6 Dodging
 + Level 2.4 Stealth
 + Level 1.0 Shields
 + Level 1.0 Unarmed Combat
 + Level 1.0 Spellcasting
 + Level 0.7 Conjurations
 + Level 0.7 Hexes
 + Level 0.7 Charms
 + Level 0.7 Summonings
 + Level 0.7 Necromancy
 + Level 0.7 Translocations
 + Level 0.7 Transmutations
 + Level 0.7 Fire Magic
 + Level 0.7 Ice Magic
 + Level 0.7 Air Magic
 + Level 0.7 Earth Magic
 + Level 0.7 Poison Magic
 + Level 1.0 Invocations
 + Level 4.6 Evocations


You had 4 spell levels left.
You didn't know any spells.
Your spell library was empty.

Dungeon Overview and Level Annotations

Branches:
Dungeon (2/15)

Altars:


Innate Abilities, Weirdness & Mutations

Your experience applies equally to all skills.
You have very sharp teeth.
Your uncanny sense of smell can sniff out nearby items.


Message History

You are too injured to fight recklessly!
You are too injured to fight recklessly!
You are too injured to fight recklessly!
You are too injured to fight recklessly!
You are too injured to fight recklessly!
You are too injured to fight recklessly!
You are too injured to fight recklessly!
You are too injured to fight recklessly!
You are too injured to fight recklessly!
You are too injured to fight recklessly!
You are too injured to fight recklessly!
You hit the ice beast but do no damage. The ice beast hits you.
* * * LOW HITPOINT WARNING * * *
The ice beast freezes you!
* * * LOW HITPOINT WARNING * * *
You hit the ice beast.
The ice beast is poisoned.
Your bite misses the ice beast.
The ice beast is lightly wounded.
The ice beast hits you.
You die...

######.#.# #.#.......# . ####.#.#
#.###...### . #......###.# #.#.# .
#.##.......# #...# ##+#.
#.####.##### ##.## ##...#
####.####.# #.### ##.....
#.........# #.#.## ##......
..##....#.########....####.......
................@Y.......+.......
..##......########....####..รท....
#.#.....### #.#.## ##......
#.#.###.# #r### ##..... #.......#
#.# ##.Z.# ###<##### #Y# ##Y## #.#
#.# #.# ###.# #.# #.# ....#
#####.#### ####Y##


You could see an ice beast.

Vanquished Creatures
  2 adders (D:2)
  3 leopard geckos
  A giant cockroach (D:2)
  3 goblins (D:1)
  5 hobgoblins
  5 jackals
  A quokka (D:2)
  2 ball pythons (D:1)
  2 bats (D:1)
  A frilled lizard (D:2)
  3 kobolds
  5 rats
33 creatures vanquished.

Notes
Turn   | Place    | Note
-------+----------+-------------------------------------------
     0 | D:1      | galech the Gnoll Wanderer began the quest for the Orb.
     0 | D:1      | galech set off with: a wand of paralysis (15), a +0 spear, a scroll of teleportation, a +0 robe, a ration
     0 | D:1      | Reached XP level 1. HP: 26/26 MP: 3/3
    46 | D:1      | Reached XP level 2. HP: 4/33 MP: 5/5
   624 | D:1      | Reached XP level 3. HP: 38/38 MP: 6/6
  1206 | D:2      | Reached skill level 1 in Invocations
  1454 | D:2      | Reached skill level 1 in Short Blades
  1454 | D:2      | Reached skill level 1 in Axes
  1454 | D:2      | Reached skill level 1 in Maces & Flails
  1454 | D:2      | Reached skill level 1 in Staves
  1454 | D:2      | Reached skill level 1 in Slings
  1454 | D:2      | Reached skill level 1 in Bows
  1454 | D:2      | Reached skill level 1 in Crossbows
  1454 | D:2      | Reached skill level 1 in Throwing
  1454 | D:2      | Reached skill level 1 in Armour
  1454 | D:2      | Reached skill level 1 in Shields
  1454 | D:2      | Reached skill level 1 in Unarmed Combat
  1454 | D:2      | Reached skill level 1 in Spellcasting
  1461 | D:2      | Noticed an ice beast
  1510 | D:2      | HP: 1/38 [ice beast (8)]
  1511 | D:2      | Slain by an ice beast

Vault maps used:
D:1:      minmay_arrival_four_loops
D:2:      minmay_hexomino_p4

Skill      XL: |  1  2  3 |
---------------+----------+-----
Invocations    | 1 |  1.0
Short Blades   | 1 |  1.0
Axes           | 1 |  1.0
Maces & Flails | 1 |  1.0
Staves         | 1 |  1.0
Slings         | 1 |  1.0
Bows           | 1 |  1.0
Crossbows      | 1 |  1.0
Throwing       | 1 |  1.0
Armour         | 1 |  1.0
Shields        | 1 |  1.0
Unarmed Combat | 1 |  1.0
Spellcasting   | 1 |  1.0
Fighting       | |  8.5
Long Blades    | |  2.6
Polearms       | |  2.6
Dodging        | |  2.6
Stealth        | |  2.4
Conjurations   | |  0.7
Hexes          | |  0.7
Charms         | |  0.7
Summonings     | |  0.7
Necromancy     | |  0.7
Translocations | |  0.7
Transmutations | |  0.7
Fire Magic     | |  0.7
Ice Magic      | |  0.7
Air Magic      | |  0.7
Earth Magic    | |  0.7
Poison Magic   | |  0.7
Evocations     | |  4.6

Action                   || total
-------------------------++-------
Melee: Spear             ||   129
       Bite              ||     6
 Stab: Sleeping          ||     6
  Eat: Chunk             ||     2
Armor: Robe              ||    15
Dodge: Dodged            ||    67

Table legend:
 A = Spawn XP
 B = Non-spawn XP
 C = Spawn XP percentage of total XP
 D = Spawn monster count
 E = Non-spawn monster count
 F = Spawn count percentage of total count
 G = Total turns spent on level
                    A         B        C        D         E        F      G
               +---------+---------+-------+---------+---------+-------+---------
         Total |       0 |      80 |   0.0 |       0 |      33 |   0.0 |  1511
               +---------+---------+-------+---------+---------+-------+---------
           D:1 |       0 |      36 |   0.0 |       0 |      21 |   0.0 |   769
           D:2 |       0 |      44 |   0.0 |       0 |      12 |   0.0 |   742
               +---------+---------+-------+---------+---------+-------+---------
